 Dungeon Crawl Stone Soup version 0.31.0-32-g396128a36d (webtiles) character file.

Game seed: 7004879918144895730

39 Egg the Apothecary (level 3, 0/39 HPs)
             Began as an Octopode Alchemist on Mar 22, 2024.
             Succumbed to an adder's poison
             ... on level 2 of the Dungeon.
             The game lasted 00:02:12 (1288 turns).

Egg the Apothecary (Octopode Alchemist)             Turns: 1288, Time: 00:02:12

Health: 0/39       AC:  1    Str:  7    XL:     3   Next: 47%
Magic:  5/6        EV: 13    Int: 19    God:
Gold:   104        SH:  0    Dex: 12    Spells: 5/6 levels left

rFire   + . .        d - +0 mace
rCold   + . .        (no shield)
rNeg    . . .        (helmet restricted)
rPois   +            (no amulet)
rElec   +            (no ring)
rCorr   +            (no ring)
SInv    .            (no ring)
Will    .....        (no ring) Stlth
                     (no ring)
HPRegen 0.26/turn    (no ring)
MPRegen 0.10/turn    (no ring)
                     (no ring)

%: no passive effects
@: brilliant, berserking, lethally poisoned (0 -> -2), resistant, very quick
A: almost no armour, amphibious, 8 rings, camouflage 1, gelatinous body 1,
(nimble swimmer 1), tentacles
a: no special abilities


You were on level 2 of the Dungeon.
You visited 1 branch of the dungeon, and saw 2 of its levels.

You collected 104 gold pieces.

Inventory:

Hand Weapons
 d - a +0 mace (weapon)
Scrolls
 b - a scroll of teleportation {unknown}
 c - 2 scrolls of enchant armour {unknown}
 e - a scroll of fog {unknown}
Potions
 a - a potion of magic
 g - a potion of resistance


   Skills:
 - Level 3.0 Fighting
 - Level 2.0 Dodging
 - Level 2.6 Stealth
 - Level 2.0 Spellcasting
 - Level 1.0 Conjurations
 * Level 3.3 Alchemy


You had 5 spell levels left.
You knew the following spells:

 Your Spells              Type           Power      Damage    Failure   Level
a - Sting                 Conj/Alch      60%        1d6       7%          1

Your spell library contained the following spells:

 Spells                   Type           Power      Damage    Failure   Level
 Mercury Vapours          Alch/Air       24%        N/A       13%         2
 Mephitic Cloud           Conj/Alch/Air  11%        N/A       28%         3
 Olgreb's Toxic Radiance  Alch           21%        N/A       38%         4
 Sticky Flame             Fire/Alch      12%        2d5       63%         4
 Freezing Cloud           Conj/Ice/Air   2%         6-21      99%         5


Dungeon Overview and Level Annotations

Branches:
Dungeon (2/15)

Altars:


Innate Abilities, Weirdness & Mutations

You cannot wear most types of armour.
You are amphibious.
You can wear up to eight rings at the same time.
Your skin changes colour to match your surroundings (Stealth+).
Your rubbery body absorbs attacks. (AC +1, EV +1)
((You are camouflaged when in or above water. (Stealth+)))
You have tentacles for arms and can constrict up to eight enemies at once.


Message History

The adder poisons you!
You hit the adder. Your grab misses the adder.
The adder is moderately wounded.
You feel very sick. The adder bites you. x2
You closely miss the adder. You grab the adder. You squeeze the adder.
The adder is heavily wounded.
You constrict the adder.
* * * LOW HITPOINT WARNING * * *
You feel very sick. The adder bites you but does no damage.
The adder misses you.
Casting: Sting (safe; 7% risk of failure)
Confirm with . or Enter, or press ? or * to list all spells.
Aiming: Sting (safe; 7% risk of failure)
Press: ? - help, Shift-Dir - straight line, f - adder
Aim: an adder (heavily wounded, constricted by you, 90% to hit)
The sting hits the adder.
The adder is poisoned.
The adder is heavily wounded.
You constrict the adder, but do no damage.
* * * LOW HITPOINT WARNING * * *
You feel sick. The adder bites you.
* * * LOW HITPOINT WARNING * * *
It was a potion of resistance.
You feel protected.
You constrict the adder.
* * * LOW HITPOINT WARNING * * *
You feel sick. The adder barely misses you.
It was a potion of brilliance.
You feel clever all of a sudden.
You constrict the adder.
* * * LOW HITPOINT WARNING * * *
You feel sick. The adder barely misses you. The adder completely misses you.
It was a potion of berserk rage.
A red film seems to cover your vision as you go berserk!
You feel yourself moving faster!
You feel mighty!
You constrict the adder.
* * * LOW HITPOINT WARNING * * *
You feel sick. The adder misses you.
You sock the adder!
You kill the adder!
You die...

............'..>....##.#######.#
...........##..[.#####.........#
...........##....# ###########
...........##....#
...........##....#
###############'##
#######'###### #............#
#.......@....# #............#
#............# #............#
#............# #............#
.$...........# ######+######


There were no monsters in sight!

Vanquished Creatures
  An adder (D:2)
  A dart slug (D:2)
  3 ball pythons (D:1)
  3 endoplasms
  4 giant cockroaches
  6 goblins
  5 hobgoblins
  3 kobolds
  2 quokkas
  2 bats (D:1)
  2 rats (D:1)
32 creatures vanquished.

Notes
Turn   | Place    | Note
-------+----------+-------------------------------------------
     0 | D:1      | Egg the Octopode Alchemist began the quest for the Orb.
     0 | D:1      | Reached XP level 1. HP: 11/11 MP: 3/3
    64 | D:1      | Reached skill level 1 in Fighting
   156 | D:1      | Reached XP level 2. HP: 17/18 MP: 5/5
   407 | D:1      | Reached XP level 3. HP: 19/25 MP: 6/6
  1285 | D:2      | HP: 1/26 [poisoned by an adder]
  1288 | D:2      | Succumbed to an adder's poison

Illustrated notes

Levels and vault maps discovered:
D:1:      nagdon_arrival_zigzag_paths, layout_basic
D:2:      layout_basic, st_stairs_7, patterned_corridor

Skill      XL: |  1  2  3 |
---------------+----------+-----
Fighting       | 1 2 3 |  3.0
Dodging        | |  2.0
Stealth        | |  2.6
Spellcasting   | |  2.0
Conjurations   | |  1.0
Alchemy        | |  3.3

Action                     || total
---------------------------++-------
  Melee: Dagger            ||     8
         Mace              ||    51
         Tentacles         ||    17
         Constrict         ||    14
         Unarmed           ||     1
         Punch             ||     1
   Cast: Sting             ||     4
    Use: Potion            ||     3
   Stab: Sleeping          ||     4
 Armour: Skin              ||    37
  Dodge: Dodged            ||    48
